 Dungeon Crawl Stone Soup version 0.20.1-1-g8b1a95d (webtiles) character file.

4539 Firecrotchwizard the Cleaver (level 10, -5/135 HPs)
             Began as a Minotaur Berserker on Oct 24, 2017.
             Was a High Priest of Trog.
             Slain by a sixfirhy (9 damage)
             ... summoned by an orc high priest
             ... in a bailey.
             The game lasted 00:15:26 (7052 turns).

Firecrotchwizard the Cleaver (Minotaur Berserker)   Turns: 7052, Time: 00:15:27

Health: -5/135     AC: 16    Str: 31    XL:     10   Next: 17%
Magic:  9/9        EV: 11    Int:  7    God:    Trog [*****.]
Gold:   206        SH:  4    Dex: 12    Spells: 9/9 levels left

rFire    . . .     SeeInvis .   b - +0 war axe
rCold    . . .     Gourm    .   x - +0 buckler
rNeg     + + .     Faith    .   J - +1 plate armour (curse)
rPois    +         Spirit   .   (helmet restricted)
rElec    .         Reflect  .   F - +0 cloak
rCorr    .         Harm     .   (no gloves)
MR       .....                  (no boots)
Stlth    ..........             (no amulet)
Regen    0.4/turn               G - ring of Qupy Ele {rPois rN++ MR- Str+3 Int+3}
MPRegen  0.2/turn               t - ring of protection from magic {MR+, !d}

@: berserking, very quick
A: retaliatory headbutt, horns 2
a: Berserk, Trog's Hand, Brothers in Arms, Burn Spellbooks, Renounce Religion


You were in a bailey.
You worshipped Trog.
Trog was extremely pleased with you.
You were very hungry.

You visited 1 branch of the dungeon, and saw 8 of its levels.
You also visited: Sewer and Bailey.

You collected 601 gold pieces.
You spent 395 gold pieces at shops.

Inventory:

Hand Weapons
 a - a +1 hand axe
 b - a +0 war axe (weapon)
   (You found it on level 5 of the Dungeon)
 A - a +0 blowgun
   (You found it on level 4 of the Dungeon)
Armour
 x - a +0 buckler (worn)
   (You found it on level 7 of the Dungeon)
 B - a +1 ring mail of magic resistance
   (You found it in a sewer)
 F - a +0 cloak (worn)
   (You found it on level 7 of the Dungeon)
 J - a cursed +1 plate armour (worn)
   (You found it on level 6 of the Dungeon)
Jewellery
 i - an uncursed ring of stealth {Stlth+}
   (You found it on level 1 of the Dungeon)
 t - a ring of protection from magic (right hand) {MR+, !d}
   (You found it on level 3 of the Dungeon)
 G - the ring of Qupy Ele (left hand) {rPois rN++ MR- Str+3 Int+3}
   (You bought it in a shop on level 5 of the Dungeon)

   [ring of strength]

   It affects your strength (+3).
   It affects your intelligence (+3).
   It protects you from poison.
   It greatly protects you from negative energy.
   It affects your resistance to hostile enchantments.
Wands
 e - a wand of paralysis (11/24)
   (You found it on level 6 of the Dungeon)
 n - a wand of iceblast (15/15)
   (You found it on level 2 of the Dungeon)
 z - a wand of confusion (31/48)
   (You found it on level 4 of the Dungeon)
 L - a wand of polymorph (12/24)
   (You found it on level 6 of the Dungeon)
Scrolls
 k - 3 scrolls of teleportation
 q - 3 scrolls of magic mapping {!r}
 r - 2 scrolls of remove curse
 y - 6 scrolls of identify
 C - a scroll of noise {unknown}
 H - a scroll of fog
Potions
 d - a potion of magic {unknown}
 f - 2 potions of curing {unknown}
 g - a potion of cancellation {unknown}
 h - 2 potions of haste {unknown}
 l - 3 potions of heal wounds
 m - a potion of ambrosia {unknown}
 o - 2 potions of flight {unknown}
 p - 2 potions of berserk rage {unknown}
 s - 2 potions of lignification {unknown}
 w - 5 potions of agility {unknown}
 D - 2 potions of mutation {unknown}
 E - a potion of brilliance {unknown}
 I - 2 potions of might {unknown}
Comestibles
 c - 6 bread rations {@e1}
 j - 6 chunks of flesh {@w0}
 u - 3 meat rations {@e2}
 v - 3 fruits


   Skills:
 + Level 8.7 Fighting
 * Level 11.6 Axes
 + Level 8.4 Armour
 - Level 6.6 Dodging
 + Level 3.7 Shields


You had 9 spell levels left.
You didn't know any spells.

Dungeon Overview and Level Annotations

Branches:
Dungeon (8/15)             Temple (0/1) D:6
   Lair: D:8-11

Altars:
Cheibriados
Fedhas
Kikubaaqudgha
Okawaru
Ru
Zin
The Shining One

Shops:
D:5 (=


Innate Abilities, Weirdness & Mutations

You reflexively headbutt those who attack you in melee.
You have a pair of horns on your head.


Message History

Things that are here:
a hand axe; a leather armour
Things that are here:
a hand axe; a leather armour
Items here: )) [[ †† a hand axe; a leather armour; a hand axe; a leather armour; a goblin corpse a hobgoblin corpse; Health restored: 90 You butcher the goblin corpse.
j - 4 chunks of flesh {@w0} (gained 1)
You butcher the hobgoblin corpse.
j - 6 chunks of flesh {@w0} (gained 2)
Items here: )) [[ ÷÷ a hand axe; a leather armour; a hand axe; a leather armour; a goblin skeleton a hobgoblin skeleton
Items here: )) [[ ÷÷ a hand axe; a leather armour; a hand axe; a leather armour; a goblin skeleton a hobgoblin skeleton You open the large door.
There is a large open door here.
A hobgoblin comes into view. It is wielding a war axe.
The hobgoblin shouts!
A hobgoblin, a kobold demonologist and 3 orcs come into view.
The orc shouts!
The orc high priest shouts!
The kobold demonologist shouts!
The orc warrior shouts!
The hobgoblin shouts!
The orc high priest starts to sing a prayer.
Found a leather armour.
Found an iron altar of Okawaru.
The hobgoblin barely misses you. You furiously retaliate!
You headbutt the hobgoblin!
You kill the hobgoblin!
Trog accepts your kill.
The orc high priest calls down the wrath of Beogh upon you.
Pain shoots through your body!
The kobold demonologist miscasts a cantrip.
You take 2 damage, and have 88/90 hp.
You slash the orc!
You kill the orc!
Trog accepts your kill.
Trog will gift you weapons as your piety grows.
The kobold demonologist casts a spell.
The orc high priest prays to Beogh.
The orc warrior barely misses you.
The orc high priest prays to Beogh.
You block the ynoxinul's attack.
Things that are here:
a war axe; a leather armour; a hobgoblin corpse You hit the ynoxinul.
You closely miss the hobgoblin. You hit the orc warrior.
The hobgoblin hits you with a hand axe.
The orc warrior hits you but does no damage.
The ynoxinul gestures at you. The iron shot hits you!
You take 34 damage, and have 55/90 hp.
MASSIVE DAMAGE!!
You slash the hobgoblin!
You kill the hobgoblin!
Trog accepts your kill.
You hit the orc warrior. You hit the ynoxinul.
The sixfirhy hits you but does no damage.
The sixfirhy hits you! The sixfirhy shocks you!
The sixfirhy hits you but does no damage.
You take 19 damage, and have 36/90 hp.
MASSIVE DAMAGE!!
You hit the orc high priest but do no damage.
You headbutt the orc high priest!! You closely miss the ynoxinul.
You miss the sixfirhy. You closely miss the orc warrior.
The sixfirhy hits you but does no damage.
The sixfirhy closely misses you. You block the sixfirhy's attack.
The ynoxinul hits you.
The orc warrior hits you but does no damage.
The sixfirhy completely misses you.
The orc high priest hits you with a war axe.
You take 4 damage, and have 32/90 hp.
You closely miss the orc high priest. You headbutt the orc high priest.
You closely miss the orc warrior. You hit the sixfirhy. You hit the ynoxinul.
The orc warrior hits you with a broad axe!
* * * LOW HITPOINT WARNING * * *
You take 8 damage, and have 24/90 hp.
A red film seems to cover your vision as you go berserk!
You feel yourself moving faster!
You feel mighty!
You are feeling very hungry.
The kobold demonologist gestures wildly while chanting.
The orc high priest hits you but does no damage.
You now have 36/135 hp.
You slice the orc high priest!! You headbutt the orc high priest.
You slash the orc warrior! You miss the sixfirhy.
You completely miss the hellwing.
The orc warrior hits you with a broad axe!
* * * LOW HITPOINT WARNING * * *
You block the hellwing's attack.
The hellwing hits you but does no damage.
The orc high priest hits you but does no damage.
You take 13 damage, and have 23/135 hp.
You slash the orc high priest! You slash the hellwing!
You completely miss the sixfirhy. You slash the orc warrior!
The sixfirhy hits you!
* * * LOW HITPOINT WARNING * * *
The sixfirhy shocks you!
* * * LOW HITPOINT WARNING * * *
The sixfirhy hits you.
* * * LOW HITPOINT WARNING * * *
The sixfirhy shocks you!
You die...

#+####### #≈≈≈≈≈
#.......# #≈≈≈≈≈
+.8.8.8.# #≈≈≈≈≈
##.......######≈≈≈≈≈
#[[#....#......#.≈≈≈≈≈≈
#[[#33@)#......#.≈≈≈≈≈.
#..#.4oo#####''#.≈≈≈≈≈.
#..#..K4##....)#.≈≈≈≈≈.
## #..5.##....)'.......
#._.5##..⌠.)).......
#....##.....'.......
#....##.....#.≈≈≈≈≈.
#....#####++#.≈≈≈≈≈.
#.≈≈≈≈≈.


You could see an orc high priest, a hellwing, a kobold demonologist, a sixfirhy,
a ynoxinul, a chaos spawn, an orc warrior, an iron imp and a quasit.

Vanquished Creatures
  A two-headed ogre (D:8)
  Pikel (D:5)
  Prince Ribbit (D:5)
  A hippogriff (D:7)
  Eustachio (D:5)
  Menkaure (D:6)
  The ghost of Vylera the Changer, an amateur OpTm (D:4)
  2 orc warriors
  A sky beast (D:5)
  A slave (D:6)
  4 ogres (D:7)
  An ice beast (D:7)
  5 phantoms
  2 centaurs
  2 crocodiles
  2 bullfrogs
  A scorpion (D:7)
  An electric eel (Bailey)
  A howler monkey (D:4)
  5 crimson imps
  A bullfrog zombie (D:7)
  A jelly (D:7)
  2 hounds (D:4)
  A gnoll shaman (D:3)
  3 orc priests (D:7)
  3 orc wizards
  A bullfrog skeleton (D:6)
  2 iguanas
  4 worker ants
  2 hound zombies
  10 gnolls
  A howler monkey skeleton (D:4)
  5 adders
  A shadow imp (D:7)
  2 oozes
  3 dart slugs
  6 leopard geckos
  17 orcs
  12 bats
  9 giant cockroaches
  14 goblins
  10 hobgoblins
  7 jackals
  A quokka (D:7)
  A ball python (D:4)
  6 frilled lizards
  5 kobolds
  A leopard gecko skeleton (D:4)
  A quokka skeleton (D:4)
  11 rats
178 creatures vanquished.

Vanquished Creatures (others)
  Edmund (D:6)
  2 orc wizards (D:6)
  3 orcs (D:6)
6 creatures vanquished.

Grand Total: 184 creatures vanquished

Notes
Turn   | Place    | Note
-------+----------+-------------------------------------------
     0 | D:1      | Firecrotchwizard the Minotaur Berserker began the quest for the Orb.
     0 | D:1      | Reached XP level 1. HP: 19/19 MP: 0/0
   115 | D:1      | Reached XP level 2. HP: 27/27 MP: 1/1
   136 | D:1      | Reached skill level 4 in Axes
   600 | D:1      | Reached XP level 3. HP: 30/33 MP: 2/2
   604 | D:1      | Reached ** piety under Trog
   631 | D:1      | Reached skill level 3 in Armour
   896 | D:2      | Found an iron altar of Okawaru.
   910 | D:2      | Reached skill level 4 in Fighting
  1094 | D:2      | Reached XP level 4. HP: 21/40 MP: 3/3
  1351 | D:2      | Found a snail-covered altar of Cheibriados.
  1455 | D:2      | Found a blossoming altar of Fedhas.
  1460 | D:2      | Reached skill level 3 in Dodging
  1871 | D:3      | Found an ancient bone altar of Kikubaaqudgha.
  1905 | D:3      | Reached skill level 5 in Axes
  2162 | D:3      | Reached XP level 5. HP: 40/47 MP: 4/4
  2531 | D:4      | Reached skill level 4 in Armour
  2629 | D:4      | Noticed a phantom
  2642 | D:4      | Killed a phantom
  2642 | D:4      | Reached XP level 6. HP: 51/55 MP: 5/5
  2657 | D:4      | Reached skill level 5 in Fighting
  2672 | D:4      | Reached skill level 6 in Axes
  2746 | D:4      | Reached skill level 4 in Dodging
  2764 | D:4      | Reached *** piety under Trog
  3026 | D:4      | Found a glowing drain.
  3075 | Sewer    | Entered a sewer
  3171 | Sewer    | Reached XP level 7. HP: 51/61 MP: 6/6
  3228 | D:4      | Got a silken robe
  3239 | D:4      | Identified the +1 robe of the Unstoppable Hells {MP+9} (You found it on level 4 of the Dungeon)
  3271 | D:4      | Noticed Vylera's ghost (amateur OpTm)
  3286 | D:4      | Killed Vylera's ghost
  3308 | D:4      | HP: 15/61 [poisoned by Vylera's ghost]
  3315 | D:4      | HP: 14/61 [poisoned by Vylera's ghost]
  3322 | D:4      | HP: 13/61 [poisoned by Vylera's ghost]
  3330 | D:4      | HP: 13/61 [poisoned by Vylera's ghost]
  3635 | D:4      | Reached skill level 7 in Axes
  3831 | D:5      | Entered Level 5 of the Dungeon
  3835 | D:5      | Reached skill level 5 in Armour
  3854 | D:5      | Found Anus's Weapon Boutique.
  3887 | D:5      | Noticed Prince Ribbit
  3904 | D:5      | HP: 15/61 [sky beast (5)]
  3909 | D:5      | HP: 19/93 [Prince Ribbit (8)]
  3918 | D:5      | HP: 19/93 [Prince Ribbit (4)]
  4313 | D:5      | Noticed Eustachio
  4334 | D:5      | Killed Eustachio
  4334 | D:5      | Reached skill level 6 in Fighting
  4334 | D:5      | Reached skill level 5 in Dodging
  4334 | D:5      | Reached XP level 8. HP: 70/70 MP: 7/7
  4379 | D:5      | Found Kedeuv's Jewellery Boutique.
  4387 | D:5      | Bought the ring of Qupy Ele {rPois rN++ MR- Str+3 Int+3} for 395 gold pieces
  4457 | D:5      | Killed Prince Ribbit
  4457 | D:5      | Reached skill level 8 in Axes
  4708 | D:6      | Reached skill level 6 in Armour
  4744 | D:6      | Noticed Pikel
  4761 | D:6      | Noticed Edmund
  4795 | D:5      | Killed Pikel
  4795 | D:5      | Reached skill level 7 in Fighting
  4795 | D:5      | Reached skill level 9 in Axes
  4795 | D:5      | Reached skill level 6 in Dodging
  5036 | D:6      | Killed Edmund
  5036 | D:6      | Reached XP level 9. HP: 79/79 MP: 8/8
  5140 | D:6      | Found a staircase to the Ecumenical Temple.
  5197 | D:6      | Noticed Menkaure
  5203 | D:6      | Killed Menkaure
  5469 | D:7      | Reached skill level 10 in Axes
  5469 | D:7      | Reached skill level 7 in Armour
  5492 | D:7      | Reached **** piety under Trog
  5845 | D:7      | Reached skill level 8 in Fighting
  5845 | D:7      | Reached skill level 1 in Shields
  6021 | D:7      | Reached skill level 11 in Axes
  6021 | D:7      | Reached skill level 2 in Shields
  6334 | D:7      | Reached skill level 3 in Shields
  6429 | D:8      | Found a sacrificial altar of Ru.
  6483 | D:8      | Noticed a two-headed ogre
  6491 | D:8      | Killed a two-headed ogre
  6491 | D:8      | Reached skill level 8 in Armour
  6491 | D:8      | Reached XP level 10. HP: 83/90 MP: 9/9
  6515 | D:8      | Found a glowing silver altar of Zin.
  6554 | D:8      | Found a glowing golden altar of the Shining One.
  6694 | D:8      | Found a flagged portal.
  6713 | Bailey   | Entered a bailey
  6731 | Bailey   | HP: 19/90 [electric eel/bolt of electricity (12)]
  7042 | Bailey   | Found an iron altar of Okawaru.
  7042 | Bailey   | Noticed an orc high priest
  7044 | Bailey   | Reached ***** piety under Trog
  7046 | Bailey   | Noticed a sixfirhy
  7051 | Bailey   | HP: 23/135 [orc warrior/broad axe (13)]
  7052 | Bailey   | HP: 6/135 [sixfirhy[an orc high priest] (9)]
  7052 | Bailey   | Slain by a sixfirhy

Skill      XL: |  1  2  3  4  5  6  7  8  9 |
---------------+----------------------------+-----
Axes           | 4 5 6 7 9 11 | 11.6
Armour         | 3 4 5 6 8 |  8.4
Fighting       | 4 5 6 7 8 |  8.7
Dodging        | 3 4 5 6 |  6.6
Shields        | 3 |  3.7

Action                   |  1- 3 |  4- 6 |  7- 9 | 10-12 || total
-------------------------+-------+-------+-------+-------++-------
Melee: Hand axe          |    67 |   154 |   202 |       ||   423
       Headbutt          |    12 |    23 |    58 |     7 ||   100
       War axe           |       |       |    75 |    49 ||   124
Invok: Trog's Hand       |       |       |     3 |       ||     3
       Berserk           |       |       |     1 |     1 ||     2
  Use: Scroll            |     2 |     6 |     2 |       ||    10
 Stab: Sleeping          |     3 |       |       |       ||     3
  Eat: Chunk             |     1 |     6 |     7 |     1 ||    15
       Royal jelly       |       |       |     2 |       ||     2
       Fruit             |       |       |     2 |     1 ||     3
Armor: Animal skin       |     2 |       |       |       ||     2
       Ring mail         |    19 |     2 |     3 |       ||    24
       Chain mail        |       |    67 |    52 |       ||   119
       Plate armour      |       |       |    57 |    29 ||    86
       Skin              |       |       |     4 |       ||     4
Dodge: Dodged            |    35 |    92 |   116 |    26 ||   269
Block: Buckler           |       |       |    13 |    13 ||    26

Vault maps used:
D:1:      minmay_arrival_doors, roderic_roman_lattice
D:2:      old_standard_altar, cheibriados_altar_1, okawaru_ov_weapons_minmay
D:3:      nicolae_overflow_crystal_walls, first_bread,
          wad_floor_pattern_untrapped
D:4:      minmay_wonky_spiral, gup_sewer_entry_pipe, minmay_fountain_box
D:5:      serial_shops, shop, shop, uniq_prince_ribbit1, uniq_eustachio
D:6:      temple_fountains, uniq_edmund, uniq_pikel, uniq_menkaure
D:8:      nicolae_ru_sacrificial_ziggurat, zin_academy,
          nicolae_tso_carved_into_rock, marbit_many_paths, enter_bailey_3,
          the_bakery
Sewer:    sewer_big_baddie
Bailey:   bailey_axe_of_yendor_kennysheep, bailey

Table legend:
 A = Turns spent in this place as a percentage of turns spent in the entire game.
 B = Non-inter-level travel turns spent in this place as a percentage of non-inter-level travel turns spent in the entire game.
 C = Inter-level travel turns spent in this place as a percentage of turns spent in this place.
 D = Turns resting spent in this place as a percentage of non-inter-level travel turns spent in this place.
 E = Turns spent auto-exploring this place as a percentage of non-inter-level travel turns spent in this place.
 F = Non-inter-level travel turns spent in this place divided by the number of levels of this place that you've seen.
                   A       B       C       D       E      F
               +-------+-------+-------+-------+-------+----------------------
         Total | 100.0 | 100.0 |   0.7 |   3.1 |  12.8 | 169.5
       Dungeon |  95.4 |  95.4 |   0.7 |   2.8 |  12.8 | 202.1
         Sewer |   1.5 |   1.5 |   0.0 |   8.0 |  16.0 |  25.0
        Bailey |   3.1 |   3.1 |   0.0 |   7.5 |  11.3 |  53.0
               +-------+-------+-------+-------+-------+----------------------

Table legend:
 A = Kills in this place as a percentage of kills in entire the game.
 B = Kills by you in this place as a percentage of kills by you in the entire game.
 C = Kills by friends in this place as a percentage of kills by friends in the entire game.
 D = Other kills in this place as a percentage of other kills in the entire game.
 E = Experience gained in this place as a percentage of experience gained in the entire game.
 F = Experience gained in this place divided by the number of levels of this place that you have seen.
                   A       B       C       D       E      F
               +-------+-------+-------+-------+-------+----------------------
         Total | 100.0 | 100.0 |  -nan | 100.0 | 100.0 | 648.5
       Dungeon |  91.6 |  91.5 |  -nan | 100.0 |  97.0 | 786.4
         Sewer |   3.4 |   3.4 |  -nan |   0.0 |   1.6 | 107.0
        Bailey |   5.1 |   5.1 |  -nan |   0.0 |   1.3 |  87.0
               +-------+-------+-------+-------+-------+----------------------
